 Dungeon Crawl Stone Soup version 0.21-a0-531-gacddea6 (webtiles) character file.

250 teukkam the Ruffian (level 6, 0/50 HPs)
             Began as a Gnoll Wanderer on Dec 13, 2017.
             Slain by a wyvern skeleton (11 damage)
             ... on level 5 of the Dungeon.
             The game lasted 00:13:18 (2409 turns).

teukkam the Ruffian (Gnoll Wanderer)                Turns: 2409, Time: 00:13:19

Health: 0/50       AC:  6    Str: 19    XL:     6   Next: 13%
Magic:  8/8        EV: 12    Int: 13    God:
Gold:   92         SH:  0    Dex: 13    Spells: 8/8 levels left

rFire    + . .     SeeInvis .   d - +0 short sword
rCold    + . .     Gourm    .   (no shield)
rNeg     . . .     Faith    .   j - +0 ring mail
rPois    .         Spirit   .   (no helmet)
rElec    .         Reflect  .   q - scarf {rC+ rF+}
rCorr    .         Harm     .   (no gloves)
MR       .....                  o - +0 pair of boots
Stlth    ++........             (no amulet)
HPRegen  0.16/turn              (no ring)
MPRegen  0.11/turn              (no ring)

@: no status effects
A: distributed training, fangs 1, strong nose
a: no special abilities


You were on level 5 of the Dungeon.
You were not hungry.

You visited 1 branch of the dungeon, and saw 5 of its levels.
You also visited: Ossuary.

You collected 92 gold pieces.

Inventory:

Hand Weapons
 d - a +0 short sword (weapon)
 f - a +0 dagger
 h - a +1 hunting sling of velocity
Missiles
 i - 7 tomahawks (quivered)
Armour
 e - a +0 robe
 j - a +0 ring mail (worn)
 o - a +0 pair of boots (worn)
 q - a scarf of resistance (worn)
Wands
 p - a wand of random effects (10)
Scrolls
 m - 2 scrolls of enchant armour {unknown}
 n - a scroll of remove curse
 r - 2 scrolls of amnesia {unknown}
 s - a scroll of magic mapping {unknown}
Potions
 a - 3 potions of flight
 b - a potion of curing {unknown}
 c - a potion of lignification
 k - 2 potions of resistance {unknown}
 l - a potion of mutation {unknown}
Comestibles
 g - a bread ration


   Skills:
 + Level 4.9 Fighting
 + Level 4.9 Short Blades
 + Level 1.8 Long Blades
 + Level 1.8 Axes
 + Level 1.8 Maces & Flails
 + Level 1.8 Polearms
 + Level 1.8 Staves
 + Level 1.8 Slings
 + Level 1.8 Bows
 + Level 1.8 Crossbows
 + Level 1.8 Throwing
 + Level 1.8 Armour
 + Level 3.1 Dodging
 + Level 4.5 Stealth
 + Level 3.1 Shields
 + Level 4.9 Unarmed Combat
 + Level 1.8 Spellcasting
 + Level 1.4 Conjurations
 + Level 1.4 Hexes
 + Level 1.4 Charms
 + Level 1.4 Summonings
 + Level 1.4 Necromancy
 + Level 1.4 Translocations
 + Level 1.4 Transmutations
 + Level 1.4 Fire Magic
 + Level 1.4 Ice Magic
 + Level 1.4 Air Magic
 + Level 1.4 Earth Magic
 + Level 1.4 Poison Magic
 + Level 2.0 Invocations
 + Level 1.8 Evocations


You had 8 spell levels left.
You didn't know any spells.

Dungeon Overview and Level Annotations

Branches:
Dungeon (5/15)
 Temple: D:4-7

Altars:
Uskayaw


Innate Abilities, Weirdness & Mutations

Your experience applies equally to all skills.
You have very sharp teeth.
Your uncanny sense of smell can sniff out nearby items.


Message History

The centaur wields an uncursed shortbow.
The centaur shoots an arrow.
The arrow closely misses you. The mummy misses you.
There is a collapsed entrance, spattered with blood here.
You see here 2 arrows.
Evoke which item? (* to show all) (? for menu, Esc to quit)
Aiming: Random Effects
Press: ? - help, Shift-Dir - straight line, f - centaur
Aim: a centaur, wielding a shortbow (moderately wounded)
The mummy resists with significant effort.
An arrow hits the centaur!
The wyvern skeleton closely misses you.
The wyvern skeleton bites you but does no damage.
You barely miss the centaur.
The centaur is severely wounded.
The centaur unwields an uncursed shortbow.
The centaur hits you but does no damage.
The mummy hits you!
* * * LOW HITPOINT WARNING * * *
The wyvern skeleton bites you!
You die...

∆.. #c######
#......## ∆ ∆
#####.##...####
#....((.......#
#.#####(#####.#
#..##.^^^.##..#
##.(##cZM##..##
##..##@##..#.###
##..###.......#
#...#......#.#
#.#....†...#.####
#.........##....#
#######+#######.#
#...# #.#######
#.#......


You could see a centaur, a mummy and a wyvern skeleton.

Vanquished Creatures
  An elf zombie (Ossuary)
  2 centaur zombies (Ossuary)
  3 big kobold zombies (Ossuary)
  An adder (D:5)
  A shadow imp (D:5)
  An adder skeleton (D:5)
  A worm (D:5)
  A leopard gecko (D:5)
  An orc (D:5)
  A giant cockroach (D:1)
  3 goblins
  2 hobgoblins
  A quokka (D:5)
  A bat (D:1)
  A frilled lizard (D:2)
  A goblin zombie (Ossuary)
  17 hobgoblin zombies (Ossuary)
  3 jackal zombies (Ossuary)
  3 kobolds (D:1)
  4 kobold zombies (Ossuary)
  6 orc zombies (Ossuary)
  3 rats
58 creatures vanquished.

Notes
Turn   | Place    | Note
-------+----------+-------------------------------------------
     0 | D:1      | teukkam the Gnoll Wanderer began the quest for the Orb.
     0 | D:1      | teukkam set off with: a scroll of blinking, a potion of heal wounds, a potion of lignification, a +0 short sword, a +0 robe, a +0 dagger, a bread ration
     0 | D:1      | Reached XP level 1. HP: 20/20 MP: 1/1
   114 | D:1      | Reached XP level 2. HP: 20/26 MP: 2/2
   246 | D:2      | Found a hide-covered altar of Uskayaw.
   461 | D:2      | Noticed a wight
   466 | D:2      | Noticed a wight
   467 | D:2      | Noticed a wight
   766 | D:4      | Noticed a howler monkey
   805 | D:4      | Noticed a scorpion
   810 | D:4      | Noticed an ogre
   816 | D:5      | Entered Level 5 of the Dungeon
  1091 | D:5      | Reached XP level 3. HP: 17/31 MP: 3/3
  1193 | D:5      | Reached skill level 1 in Invocations
  1215 | D:5      | Noticed a centaur
  1217 | D:5      | Found a sand-covered staircase.
  1224 | Ossuary  | Entered an ossuary
  1615 | Ossuary  | Reached skill level 1 in Long Blades
  1615 | Ossuary  | Reached skill level 1 in Axes
  1615 | Ossuary  | Reached skill level 1 in Maces & Flails
  1615 | Ossuary  | Reached skill level 1 in Polearms
  1615 | Ossuary  | Reached skill level 1 in Staves
  1615 | Ossuary  | Reached skill level 1 in Slings
  1615 | Ossuary  | Reached skill level 1 in Bows
  1615 | Ossuary  | Reached skill level 1 in Crossbows
  1615 | Ossuary  | Reached skill level 1 in Throwing
  1615 | Ossuary  | Reached skill level 1 in Armour
  1615 | Ossuary  | Reached skill level 1 in Spellcasting
  1615 | Ossuary  | Reached skill level 1 in Evocations
  1655 | Ossuary  | Reached XP level 4. HP: 38/38 MP: 5/5
  1985 | Ossuary  | Reached skill level 1 in Conjurations
  1985 | Ossuary  | Reached skill level 1 in Hexes
  1985 | Ossuary  | Reached skill level 1 in Charms
  1985 | Ossuary  | Reached skill level 1 in Summonings
  1985 | Ossuary  | Reached skill level 1 in Necromancy
  1985 | Ossuary  | Reached skill level 1 in Translocations
  1985 | Ossuary  | Reached skill level 1 in Transmutations
  1985 | Ossuary  | Reached skill level 1 in Fire Magic
  1985 | Ossuary  | Reached skill level 1 in Ice Magic
  1985 | Ossuary  | Reached skill level 1 in Air Magic
  1985 | Ossuary  | Reached skill level 1 in Earth Magic
  1985 | Ossuary  | Reached skill level 1 in Poison Magic
  1985 | Ossuary  | Reached XP level 5. HP: 25/43 MP: 5/7
  2261 | Ossuary  | Reached XP level 6. HP: 35/50 MP: 8/8
  2409 | D:5      | Slain by a wyvern skeleton

Vault maps used:
D:1:      roderic_chinese_lattice_arrival
D:2:      cheibrodos_helix_gallery, eat_drink_and_be_merry_uskayaw,
          minmay_split_cup_large
D:3:      minmay_misc_feat_more_columns, lemuel_statue_altar, uniq_grinder,
          uniq_terence, uniq_robin
D:4:      first_bread, minmay_misc_feat_plants, hangedman_decor_riveting,
          minmay_bent, uniq_eustachio
D:5:      gup_ossuary_entry_pyramid
Ossuary:  ossuary_tomb_1

Skill      XL: |  1  2  3  4  5 |
---------------+----------------+-----
Invocations    | 1 2 |  2.0
Long Blades    | 1 |  1.8
Axes           | 1 |  1.8
Maces & Flails | 1 |  1.8
Polearms       | 1 |  1.8
Staves         | 1 |  1.8
Slings         | 1 |  1.8
Bows           | 1 |  1.8
Crossbows      | 1 |  1.8
Throwing       | 1 |  1.8
Armour         | 1 |  1.8
Spellcasting   | 1 |  1.8
Evocations     | 1 |  1.8
Conjurations   | 1 |  1.4
Hexes          | 1 |  1.4
Charms         | 1 |  1.4
Summonings     | 1 |  1.4
Necromancy     | 1 |  1.4
Translocations | 1 |  1.4
Transmutations | 1 |  1.4
Fire Magic     | 1 |  1.4
Ice Magic      | 1 |  1.4
Air Magic      | 1 |  1.4
Earth Magic    | 1 |  1.4
Poison Magic   | 1 |  1.4
Dodging        | 3 |  3.1
Shields        | 3 |  3.1
Fighting       | |  4.9
Short Blades   | |  4.9
Stealth        | |  4.5
Unarmed Combat | |  4.9

Action                   |  1- 3 |  4- 6 || total
-------------------------+-------+-------++-------
Melee: Short sword       |   115 |   136 ||   251
       Bite              |    13 |    20 ||    33
       Punch             |     3 |     4 ||     7
       Dagger            |    10 |       ||    10
       Unarmed           |     1 |       ||     1
Throw: Tomahawk          |    20 |    13 ||    33
Evoke: Wand              |       |    11 ||    11
  Use: Scroll            |     4 |       ||     4
       Potion            |     1 |       ||     1
 Stab: Sleeping          |     2 |       ||     2
  Eat: Royal jelly       |     1 |       ||     1
       Bread ration      |       |     1 ||     1
Armor: Robe              |     8 |       ||     8
       Ring mail         |    21 |    38 ||    59
Dodge: Dodged            |    52 |    66 ||   118

Table legend:
 A = Spawn XP
 B = Non-spawn XP
 C = Spawn XP percentage of total XP
 D = Spawn monster count
 E = Non-spawn monster count
 F = Spawn count percentage of total count
 G = Total turns spent on level
                    A         B        C        D         E        F      G
               +---------+---------+-------+---------+---------+-------+---------
         Total |       0 |     358 |   0.0 |       0 |      58 |   0.0 |  2409
               +---------+---------+-------+---------+---------+-------+---------
           D:1 |       0 |      13 |   0.0 |       0 |       9 |   0.0 |   227
           D:2 |       0 |       7 |   0.0 |       0 |       5 |   0.0 |   248
           D:5 |       0 |      43 |   0.0 |       0 |       7 |   0.0 |   416
       Ossuary |       0 |     295 |   0.0 |       0 |      37 |   0.0 |  1177
               +---------+---------+-------+---------+---------+-------+---------
